Canucks vs Capitals
Created - October 17, 2020 at 19:07
Goals
|
| Canucks |
1 |
2 |
1 |
0 |
1 |
5 |
| Capitals |
2 |
2 |
0 |
0 |
0 |
4 |
|
Shots
|
| Canucks |
10 |
11 |
14 |
3 |
3 |
38 |
| Capitals |
18 |
9 |
11 |
1 |
3 |
39 |
|
1st period
1. Canucks , Jason Zucker 1 (Ryane Clowe 1, Drew Fata 1) at 3:38
2. Capitals , Ryan Getzlaf 1 (Joe Pavelski 1) at 10:41
3. Capitals , Jason Pominville 1 (Derek Roy 1, Patrick Sharp 1) at 17:32 (PP)
Penalties :
Jason Akeson (Van) for Hooking (Minor) at 1:18, Jonathan Blum (Van) for Hooking (Minor) at 5:02, Steve Eminger (Van) for Slashing (Minor) at 16:08
2nd period
4. Capitals , Blake Wheeler 1 (Mikko Koivu 1) at 1:09
5. Canucks , Daniel Sedin 1 (James Wright 1) at 4:52
6. Canucks , Brandon Sutter 1 (Jason Akeson 1, Jacob Markstrom) at 7:06
7. Capitals , Patrick Sharp 1 (Jason Pominville 1, Derek Roy 2) at 14:15
Penalties :
Trevor Daley (Was) for Hooking (Minor) at 2:44, Torey Krug (Was) for Tripping (Minor) at 7:29, Robert Nilsson (Van) for Tripping (Minor) at 10:55
3rd period
8. Canucks , Loui Eriksson 1 (Robert Nilsson 1, Tyler Toffoli 1) at 19:59
Penalties :
Trevor Daley (Was) for Hooking (Minor) at 4:38
Overtime #1
No Goal
Penalties :
No Penalty
Shootout
Canucks, Robert Nilsson - Stopped by Tuukka Rask
Capitals, Derek Roy - Shot Misses the Net
Canucks, Tyler Toffoli - Goal!
Capitals, Jason Pominville - Stopped by Jacob Markstrom
Canucks, Brandon Sutter - Stopped by Tuukka Rask
Capitals, Joe Pavelski - Stopped by Jacob Markstrom
Penalties :
No Penalty
Goalie Stats
Jacob Markstrom (Van), 35 saves from 39 shots - (0.897), W, 1-0-0, 64:14 minutes
Tuukka Rask (Was), 34 saves from 38 shots - (0.895), OTL, 0-0-1, 65:00 minutes
Players Stats for Canucks
Player Name G A P +/- PIM S H SB GA TA FO MP PP MP PK MP
------------------------------------------------------------------------------------
Andy Rogers 0 0 0 2 0 0 1 2 0 0 0/0 23:12 2:32 3:15
Brandon Sutter 1 0 1 0 0 4 2 1 1 1 8/13 19:43 2:38 2:40
Daniel Sedin 1 0 1 0 0 2 1 0 0 0 0/0 13:13 0:00 1:10
Daultan Leveillé 0 0 0 0 0 0 0 0 0 1 2/3 6:19 0:00 0:00
Drew Fata 0 1 1 -2 0 2 2 2 0 2 0/0 31:22 3:25 4:06
James Wright 0 1 1 0 0 2 1 1 0 0 8/14 13:07 0:00 1:27
Jamie McBain 0 0 0 -2 0 4 1 3 2 0 0/0 31:22 3:25 4:06
Jason Akeson 0 1 1 0 2 1 0 0 0 0 1/1 15:54 2:38 0:00
Jason Zucker 1 0 1 0 0 2 0 1 0 0 1/1 16:06 2:38 0:01
Jeremy Morin 0 0 0 0 0 4 0 0 0 0 0/1 12:03 0:00 0:00
Jonathan Blum 0 0 0 1 2 2 1 1 0 0 0/0 11:17 0:00 0:47
Loui Eriksson 1 0 1 1 0 2 4 0 0 0 0/4 22:11 3:19 1:43
Mike Komisarek 0 0 0 1 0 0 0 0 0 0 0/0 10:26 0:00 0:00
Robert Nilsson 0 1 1 1 2 2 2 0 0 0 17/33 25:07 3:19 3:14
Ryane Clowe 0 1 1 0 0 3 0 0 0 1 0/0 6:19 0:00 0:00
Spencer Machacek 0 0 0 0 0 0 1 0 0 0 0/0 6:19 0:00 0:00
Steve Eminger 0 0 0 2 2 4 2 1 1 1 0/0 22:24 2:32 2:28
Tyler Toffoli 0 1 1 1 0 4 1 0 1 0 1/2 26:11 3:19 4:27
Players Stats for Capitals
Player Name G A P +/- PIM S H SB GA TA FO MP PP MP PK MP
------------------------------------------------------------------------------------
Alexander Steen 0 0 0 0 0 3 0 0 0 0 0/1 12:52 0:00 0:52
Blake Wheeler 1 0 1 0 0 1 1 0 0 1 1/3 15:10 0:16 0:00
Brent Burns 0 0 0 1 0 2 1 4 0 0 0/0 22:58 2:52 2:43
Derek Roy 0 2 2 1 0 3 1 0 0 0 16/30 28:41 4:30 3:30
Jason Pominville 1 1 2 0 0 6 2 2 1 0 2/5 25:23 4:28 3:15
Jeff Skinner 0 0 0 0 0 1 2 1 0 0 1/1 16:50 2:44 0:00
Joe Pavelski 0 1 1 0 0 2 1 1 1 0 1/2 19:21 2:44 1:22
Josh Manson 0 0 0 -1 0 0 0 0 0 0 0/0 2:38 0:00 0:17
Marc-Édouard Vlasic 0 0 0 0 0 1 1 1 0 0 0/0 10:34 0:00 0:00
Mike Green 0 0 0 -2 0 2 4 2 1 3 0/0 32:04 4:29 3:14
Mikko Koivu 0 1 1 0 0 3 1 0 1 1 4/10 13:25 0:07 0:08
Ondrej Palat 0 0 0 -1 0 0 0 0 0 0 0/0 5:17 0:00 0:00
Patrick Sharp 1 1 2 0 0 4 0 0 1 0 1/1 22:19 4:30 1:22
Ryan Getzlaf 1 0 1 0 0 8 1 1 0 0 8/18 16:50 2:44 0:00
Ryan Suter 0 0 0 0 0 2 2 0 1 0 0/0 12:23 0:00 2:53
T.J. Oshie 0 0 0 -2 0 0 0 0 0 0 0/1 7:41 0:00 1:25
Torey Krug 0 0 0 -1 2 1 1 2 0 0 0/0 28:26 4:29 2:01
Trevor Daley 0 0 0 0 4 0 3 1 0 0 0/0 21:08 2:52 0:46
3 Stars
1 - Loui Eriksson (Van)
2 - Jason Pominville (Was)
3 - Patrick Sharp (Was)
Power Play
Canucks - 0 on 3 Attempt(s) - 0.00%
Capitals - 1 on 4 Attempt(s) - 25.00%
Penalty Kill
Canucks - 3 on 4 Attempt(s) - 75.00%
- Score 0 goal in Penalty Kill
Capitals - 3 on 3 Attempt(s) - 100.00%
- Score 0 goal in Penalty Kill
Team Stat
Canucks - Hits : 19 - Faceoff Wins : 38 - Blocked Shots : 12 - Penalty Minutes : 8
Capitals - Hits : 21 - Faceoff Wins : 34 - Blocked Shots : 15 - Penalty Minutes : 6
Official
Referees : Unknown
Linesman : Unknown
Game Notes
No Game Note
Finance
Level 1 -- Attendance: 5370 (89.50%) -- Ticket Income $547,740
Level 2 -- Attendance: 4779 (95.58%) -- Ticket Income $248,508
Level 3 -- Attendance: 1956 (97.80%) -- Ticket Income $82,152
Level 4 -- Attendance: 4000 (100.00%) -- Ticket Income $104,000
Luxury Box -- Attendance: 876 (87.60%) -- Ticket Income $169,068
Game was played at the Verizon Center.
Total Attendance: 16981 (94.34%)
Total Ticket Income: $1,151,468
Other Income: $172,720
Total Income: $1,324,188
Canucks
5 vs 5 Forward
Center Left Wing Right Wing Time % Phy DF OF
1 Robert Nilsson Loui Eriksson Tyler Toffoli 40 1 2 2
2 Brandon Sutter Jason Zucker Jason Akeson 30 1 2 2
3 James Wright Daniel Sedin Jeremy Morin 20 1 2 2
4 Daultan Leveillé Ryane Clowe Spencer Machacek 10 1 2 2
5 vs 5 Defense
Defense Defense Time % Phy DF OF
1 Jamie McBain Drew Fata 40 1 2 2
2 Steve Eminger Andy Rogers 30 1 2 2
3 Mike Komisarek Jonathan Blum 20 1 2 2
4 Jamie McBain Drew Fata 10 1 2 2
PowerPlay Forward
Center Left Wing Right Wing Time % Phy DF OF
1 Robert Nilsson Loui Eriksson Tyler Toffoli 60 1 2 2
2 Brandon Sutter Jason Zucker Jason Akeson 40 1 2 2
PowerPlay Defense
Defense Defense Time % Phy DF OF
1 Jamie McBain Drew Fata 60 1 2 2
2 Steve Eminger Andy Rogers 40 1 2 2
Penalty Kill 4 Players Forward
Center Wing Time % Phy DF OF
1 Robert Nilsson Tyler Toffoli 60 1 2 2
2 Brandon Sutter Loui Eriksson 40 1 2 2
Penalty Kill 4 Players Defense
Defense Defense Time % Phy DF OF
1 Jamie McBain Drew Fata 60 1 2 2
2 Steve Eminger Andy Rogers 40 1 2 2
Penalty Kill - 3 Players Forward
Forward Time % Phy DF OF
1 Robert Nilsson 60 1 2 2
2 Tyler Toffoli 40 1 2 2
Penalty Kill - 3 Players Defense
Defense Defense Time % Phy DF OF
1 Jamie McBain Drew Fata 60 1 2 2
2 Steve Eminger Andy Rogers 40 1 2 2
4 vs 4 Forward
Center Wing Time % Phy DF OF
1 Robert Nilsson Tyler Toffoli 60 1 2 2
2 Brandon Sutter Loui Eriksson 40 1 2 2
4 vs 4 Defense
Defense Defense Time % Phy DF OF
1 Jamie McBain Drew Fata 60 1 2 2
2 Steve Eminger Andy Rogers 40 1 2 2
Last Minutes Offensive
Center Left Wing Right Wing Defense Defense
Robert Nilsson Loui Eriksson Tyler Toffoli Jamie McBain Drew Fata
Last Minutes Defensive
Center Left Wing Right Wing Defense Defense
Robert Nilsson Loui Eriksson Tyler Toffoli Jamie McBain Drew Fata
Goaltenders
Starting : Jacob Markstrom
Backup : Martin Jones
Extra Forwards
Normal : Daniel Sedin, Jeremy Morin, James Wright - PP : Daniel Sedin, Jeremy Morin - PK : James Wright
Extra Defensemen
Normal : Mike Komisarek, Jonathan Blum, Steve Eminger - PP : Mike Komisarek - PK : Jonathan Blum, Steve Eminger
Penalty Shots
Robert Nilsson, Tyler Toffoli, Brandon Sutter, Loui Eriksson, Jason Zucker
Scratches
None
Capitals
5 vs 5 Forward
Center Left Wing Right Wing Time % Phy DF OF
1 Derek Roy Patrick Sharp Jason Pominville 40 1 2 2
2 Ryan Getzlaf Jeff Skinner Joe Pavelski 30 1 2 2
3 Mikko Koivu Alexander Steen Blake Wheeler 20 1 2 2
4 Derek Roy Ondrej Palat T.J. Oshie 10 1 2 2
5 vs 5 Defense
Defense Defense Time % Phy DF OF
1 Mike Green Torey Krug 40 1 2 2
2 Brent Burns Trevor Daley 30 1 2 2
3 Marc-Édouard Vlasic Ryan Suter 20 1 2 2
4 Josh Manson Mike Green 10 1 2 2
PowerPlay Forward
Center Left Wing Right Wing Time % Phy DF OF
1 Derek Roy Patrick Sharp Jason Pominville 60 1 2 2
2 Ryan Getzlaf Jeff Skinner Joe Pavelski 40 1 2 2
PowerPlay Defense
Defense Defense Time % Phy DF OF
1 Mike Green Torey Krug 60 1 2 2
2 Brent Burns Trevor Daley 40 1 2 2
Penalty Kill 4 Players Forward
Center Wing Time % Phy DF OF
1 Derek Roy Jason Pominville 60 1 2 2
2 Joe Pavelski Patrick Sharp 40 1 2 2
Penalty Kill 4 Players Defense
Defense Defense Time % Phy DF OF
1 Mike Green Torey Krug 60 1 2 2
2 Brent Burns Trevor Daley 40 1 2 2
Penalty Kill - 3 Players Forward
Forward Time % Phy DF OF
1 Derek Roy 60 1 2 2
2 Jason Pominville 40 1 2 2
Penalty Kill - 3 Players Defense
Defense Defense Time % Phy DF OF
1 Mike Green Torey Krug 60 1 2 2
2 Brent Burns Trevor Daley 40 1 2 2
4 vs 4 Forward
Center Wing Time % Phy DF OF
1 Derek Roy Jason Pominville 60 1 2 2
2 Joe Pavelski Patrick Sharp 40 1 2 2
4 vs 4 Defense
Defense Defense Time % Phy DF OF
1 Mike Green Torey Krug 60 1 2 2
2 Brent Burns Trevor Daley 40 1 2 2
Last Minutes Offensive
Center Left Wing Right Wing Defense Defense
Derek Roy Patrick Sharp Jason Pominville Mike Green Torey Krug
Last Minutes Defensive
Center Left Wing Right Wing Defense Defense
Derek Roy Patrick Sharp Jason Pominville Mike Green Torey Krug
Goaltenders
Starting : Tuukka Rask
Backup : Keith Kinkaid
Extra Forwards
Normal : Blake Wheeler, Mikko Koivu, T.J. Oshie - PP : Blake Wheeler, Mikko Koivu - PK : T.J. Oshie
Extra Defensemen
Normal : Marc-Édouard Vlasic, Ryan Suter, Josh Manson - PP : Marc-Édouard Vlasic - PK : Ryan Suter, Josh Manson
Penalty Shots
Derek Roy, Jason Pominville, Joe Pavelski, Patrick Sharp, Ryan Getzlaf
Scratches
Ryan Nugent-Hopkins (Healthy)
% Time on Ice - Canucks
Lines # - Real PCT - Wanted PCT - Time Play
Normal Forward
1 - 33% - 40% - 15:12
2 - 29% - 30% - 13:17
3 - 24% - 20% - 10:50
4 - 14% - 10% - 6:19
Normal Defense
1 - 41% - 40% - 18:50
2 - 33% - 30% - 15:15
3 - 21% - 20% - 9:31
4 - 4% - 10% - 2:02
PP Forward
1 - 56% - 60% - 3:19
2 - 44% - 40% - 2:38
PP Defense
1 - 57% - 60% - 3:25
2 - 43% - 40% - 2:32
PK Forward
1 - 77% - 60% - 5:38
2 - 23% - 40% - 1:43
PK Defense
1 - 56% - 60% - 4:06
2 - 44% - 40% - 3:15
PK3 Forward
1 - 0% - 60%
2 - 0% - 40%
PK3 Defense
1 - 0% - 60%
2 - 0% - 40%
44 Forward
1 - 77% - 60% - 3:52
2 - 23% - 40% - 1:08
44 Defense
1 - 57% - 60% - 2:50
2 - 43% - 40% - 2:10
Last Minute Offensive - 1:04
Last Minute Defensive - 0:00
Total
Forward - 65:00
Defense - 65:00
|
% Time on Ice - Capitals
Lines # - Real PCT - Wanted PCT - Time Play
Normal Forward
1 - 32% - 40% - 14:27
2 - 31% - 30% - 14:06
3 - 26% - 20% - 11:47
4 - 12% - 10% - 5:17
Normal Defense
1 - 41% - 40% - 18:35
2 - 34% - 30% - 15:29
3 - 20% - 20% - 9:12
4 - 5% - 10% - 2:21
PP Forward
1 - 63% - 60% - 4:37
2 - 37% - 40% - 2:44
PP Defense
1 - 61% - 60% - 4:29
2 - 39% - 40% - 2:52
PK Forward
1 - 77% - 60% - 4:35
2 - 23% - 40% - 1:22
PK Defense
1 - 54% - 60% - 3:14
2 - 46% - 40% - 2:43
PK3 Forward
1 - 0% - 60%
2 - 0% - 40%
PK3 Defense
1 - 0% - 60%
2 - 0% - 40%
44 Forward
1 - 77% - 60% - 3:51
2 - 23% - 40% - 1:09
44 Defense
1 - 62% - 60% - 3:06
2 - 38% - 40% - 1:54
Last Minute Offensive - 0:00
Last Minute Defensive - 1:05
Total
Forward - 65:00
Defense - 65:00
|
Play-by-Play
1st period
0:01 of 1st period - Derek Roy wins face-off versus Robert Nilsson in neutral zone.
0:33 of 1st period - Snap shot by Derek Roy.
0:33 of 1st period - Stopped by Jacob Markstrom with a rebound.
0:47 of 1st period - Slapshot by Jason Pominville.
0:47 of 1st period - Shot Misses the Net.
0:49 of 1st period - Slapshot by Brent Burns.
0:49 of 1st period - Stopped by Jacob Markstrom with a rebound.
0:51 of 1st period - Slapshot by Jason Pominville.
0:51 of 1st period - Stopped by Jacob Markstrom with a rebound.
0:53 of 1st period - Wrist shot by Patrick Sharp.
0:53 of 1st period - Shot Blocked by Jamie McBain.
1:01 of 1st period - Slapshot by Jason Pominville.
1:01 of 1st period - Shot Misses the Net.
1:03 of 1st period - Snap shot by Patrick Sharp.
1:03 of 1st period - Shot Misses the Net.
1:05 of 1st period - Snap shot by Patrick Sharp.
1:05 of 1st period - Stopped by Jacob Markstrom with a rebound.
1:07 of 1st period - Slapshot by Ryan Suter.
1:07 of 1st period - Shot Misses the Net.
1:09 of 1st period - Slapshot by Patrick Sharp.
1:09 of 1st period - Shot Misses the Net.
1:11 of 1st period - Slapshot by Ryan Suter.
1:11 of 1st period - Stopped by Jacob Markstrom without a rebound.
1:12 of 1st period - Jeff Skinner wins face-off versus Brandon Sutter in Canucks zone.
1:15 of 1st period - Snap shot by Ryan Getzlaf.
1:15 of 1st period - Deflect By Jason Akeson.
1:15 of 1st period - Shot Blocked by Brandon Sutter.
1:15 of 1st period - Puck is out of play.
1:16 of 1st period - Jason Akeson wins face-off versus Ryan Getzlaf in Canucks zone.
1:18 of 1st period - Minor Penalty to Jason Akeson for Hooking.
1:19 of 1st period - Robert Nilsson wins face-off versus Ryan Getzlaf in Canucks zone.
3:18 of 1st period - Penalty to Jason Akeson is over, Jason Akeson is back on ice.
3:38 of 1st period - Wrist shot by Jason Zucker.
3:38 of 1st period - Goal by Jason Zucker - Canucks : 1 - Capitals : 0.
3:39 of 1st period - Robert Nilsson wins face-off versus Ryan Getzlaf in neutral zone.
4:38 of 1st period - Patrick Sharp is hit by Jonathan Blum.
4:54 of 1st period - Wrist shot by Ryan Getzlaf.
4:54 of 1st period - Stopped by Jacob Markstrom with a rebound.
4:56 of 1st period - Backhand shot by Marc-Édouard Vlasic.
4:56 of 1st period - Stopped by Jacob Markstrom with a rebound.
5:02 of 1st period - Minor Penalty to Jonathan Blum for Hooking.
5:03 of 1st period - Derek Roy wins face-off versus Robert Nilsson in Canucks zone.
5:16 of 1st period - Slapshot by Jason Pominville.
5:16 of 1st period - Deflect By Derek Roy.
5:16 of 1st period - Shot Blocked by Drew Fata.
5:16 of 1st period - Puck is out of play.
5:17 of 1st period - Derek Roy wins face-off versus Robert Nilsson in Canucks zone.
5:28 of 1st period - Snap shot by Jason Pominville.
5:28 of 1st period - Shot Misses the Net.
5:30 of 1st period - Snap shot by Jason Pominville.
5:30 of 1st period - Shot Misses the Net.
5:32 of 1st period - Slapshot by Derek Roy.
5:32 of 1st period - Shot Misses the Net.
7:02 of 1st period - Penalty to Jonathan Blum is over, Jonathan Blum is back on ice.
7:12 of 1st period - Blake Wheeler is hit by Spencer Machacek.
7:18 of 1st period - Wrist shot by Mikko Koivu.
7:18 of 1st period - Stopped by Jacob Markstrom with a rebound.
7:48 of 1st period - Slapshot by Jason Zucker.
7:48 of 1st period - Stopped by Tuukka Rask with a rebound.
7:50 of 1st period - Slapshot by Drew Fata.
7:50 of 1st period - Shot Blocked by Joe Pavelski.
8:36 of 1st period - Icing by Jeremy Morin.
8:37 of 1st period - Ryan Getzlaf wins face-off versus James Wright in Canucks zone.
8:52 of 1st period - Wrist shot by Jeremy Morin.
8:52 of 1st period - Stopped by Tuukka Rask without a rebound.
8:53 of 1st period - Robert Nilsson wins face-off versus Derek Roy in Capitals zone.
8:54 of 1st period - Slapshot by Tyler Toffoli.
8:54 of 1st period - Shot Misses the Net.
8:56 of 1st period - Slapshot by Steve Eminger.
8:56 of 1st period - Shot Misses the Net.
9:08 of 1st period - Wrist shot by Robert Nilsson.
9:08 of 1st period - Shot Misses the Net.
9:10 of 1st period - Wrist shot by Robert Nilsson.
9:10 of 1st period - Shot Blocked by Jason Pominville.
9:20 of 1st period - Jason Akeson is hit by Ryan Getzlaf and loses puck.
9:43 of 1st period - Off-side.
9:44 of 1st period - James Wright wins face-off versus Mikko Koivu in neutral zone.
9:53 of 1st period - Snap shot by Daniel Sedin.
9:53 of 1st period - Deflect By James Wright.
9:53 of 1st period - Shot Misses the Net.
9:53 of 1st period - Puck is out of play.
9:54 of 1st period - Derek Roy wins face-off versus Robert Nilsson in Capitals zone.
10:15 of 1st period - Patrick Sharp is hit by Drew Fata.
10:33 of 1st period - Snap shot by Ryan Getzlaf.
10:33 of 1st period - Stopped by Jacob Markstrom without a rebound.
10:34 of 1st period - Ryan Getzlaf wins face-off versus Brandon Sutter in Canucks zone.
10:41 of 1st period - Wrist shot by Ryan Getzlaf.
10:41 of 1st period - Goal by Ryan Getzlaf - Canucks : 1 - Capitals : 1.
10:42 of 1st period - Derek Roy wins face-off versus Robert Nilsson in neutral zone.
10:45 of 1st period - Loui Eriksson is hit by Derek Roy and loses puck.
10:50 of 1st period - Wrist shot by Jason Pominville.
10:50 of 1st period - Stopped by Jacob Markstrom without a rebound.
10:51 of 1st period - Jason Pominville wins face-off versus Robert Nilsson in Canucks zone.
11:40 of 1st period - Snap shot by Jason Pominville.
11:40 of 1st period - Shot Hit the Post.
11:42 of 1st period - Slapshot by Torey Krug.
11:42 of 1st period - Shot Misses the Net.
11:44 of 1st period - Slapshot by Mike Green.
11:44 of 1st period - Shot Misses the Net.
11:46 of 1st period - Wrist shot by Derek Roy.
11:46 of 1st period - Stopped by Jacob Markstrom with a rebound.
11:48 of 1st period - Slapshot by Derek Roy.
11:48 of 1st period - Shot Misses the Net.
11:50 of 1st period - Wrist shot by Patrick Sharp.
11:50 of 1st period - Stopped by Jacob Markstrom with a rebound.
12:45 of 1st period - Slapshot by Mike Green.
12:45 of 1st period - Stopped by Jacob Markstrom without a rebound.
12:46 of 1st period - Ryan Getzlaf wins face-off versus Brandon Sutter in Canucks zone.
13:00 of 1st period - Off-side.
13:01 of 1st period - Brandon Sutter wins face-off versus Mikko Koivu in neutral zone.
13:04 of 1st period - Slapshot by Jason Akeson.
13:04 of 1st period - Shot Blocked by Trevor Daley.
13:06 of 1st period - Snap shot by Brandon Sutter.
13:06 of 1st period - Shot Blocked by Brent Burns.
13:08 of 1st period - Slapshot by Steve Eminger.
13:08 of 1st period - Stopped by Tuukka Rask with a rebound.
13:10 of 1st period - Snap shot by Brandon Sutter.
13:10 of 1st period - Stopped by Tuukka Rask without a rebound.
13:11 of 1st period - Brandon Sutter wins face-off versus Mikko Koivu in Capitals zone.
13:12 of 1st period - Snap shot by Jason Akeson.
13:12 of 1st period - Shot Misses the Net.
13:40 of 1st period - Slapshot by Brandon Sutter.
13:40 of 1st period - Stopped by Tuukka Rask with a rebound.
13:42 of 1st period - Slapshot by Steve Eminger.
13:42 of 1st period - Stopped by Tuukka Rask with a rebound.
13:46 of 1st period - Snap shot by Brandon Sutter.
13:46 of 1st period - Stopped by Tuukka Rask without a rebound.
13:47 of 1st period - James Wright wins face-off versus Ryan Getzlaf in Capitals zone.
13:48 of 1st period - Backhand shot by Jeremy Morin.
13:48 of 1st period - Stopped by Tuukka Rask with a rebound.
14:54 of 1st period - Wrist shot by Alexander Steen.
14:54 of 1st period - Shot Blocked by Jamie McBain.
15:31 of 1st period - Icing by Jason Pominville.
15:32 of 1st period - Brandon Sutter wins face-off versus Jason Pominville in Capitals zone.
15:59 of 1st period - Snap shot by Patrick Sharp.
15:59 of 1st period - Stopped by Jacob Markstrom with a rebound.
16:03 of 1st period - Slapshot by Jason Pominville.
16:03 of 1st period - Stopped by Jacob Markstrom without a rebound.
16:04 of 1st period - Ryan Getzlaf wins face-off versus Robert Nilsson in Canucks zone.
16:08 of 1st period - Minor Penalty to Steve Eminger for Slashing.
16:09 of 1st period - Robert Nilsson wins face-off versus Derek Roy in Canucks zone.
16:45 of 1st period - Wrist shot by Ryan Getzlaf.
16:45 of 1st period - Stopped by Jacob Markstrom without a rebound.
16:46 of 1st period - Derek Roy wins face-off versus Robert Nilsson in Canucks zone.
16:54 of 1st period - Icing by Patrick Sharp.
16:55 of 1st period - Robert Nilsson wins face-off versus Derek Roy in Capitals zone.
17:32 of 1st period - Snap shot by Jason Pominville.
17:32 of 1st period - Goal by Jason Pominville - Canucks : 1 - Capitals : 2.
17:33 of 1st period - Jason Zucker wins face-off versus Joe Pavelski in neutral zone.
17:43 of 1st period - Wrist shot by Brandon Sutter.
17:43 of 1st period - Shot Blocked by Mike Green.
17:45 of 1st period - Slapshot by Steve Eminger.
17:45 of 1st period - Shot Blocked by Ryan Getzlaf.
17:47 of 1st period - Backhand shot by Jason Akeson.
17:47 of 1st period - Shot Misses the Net.
18:05 of 1st period - Slapshot by Robert Nilsson.
18:05 of 1st period - Stopped by Tuukka Rask without a rebound.
18:06 of 1st period - Derek Roy wins face-off versus Robert Nilsson in Capitals zone.
18:06 of 1st period - Derek Roy is hit by Robert Nilsson.
18:12 of 1st period - Drew Fata is hit by Trevor Daley.
18:32 of 1st period - Loui Eriksson is hit by Brent Burns and loses puck.
19:52 of 1st period - Icing by Daultan Leveillé.
19:53 of 1st period - Daultan Leveillé wins face-off versus Derek Roy in Canucks zone.
Goals for this period are 1 for Canucks vs 2 for Capitals.
Shots for this period are 10 for Canucks vs 18 for Capitals.
2nd period
0:01 of 2nd period - Ryan Getzlaf wins face-off versus Tyler Toffoli in neutral zone.
0:04 of 2nd period - Tyler Toffoli is hit by Joe Pavelski and loses puck.
0:11 of 2nd period - Torey Krug is hit by Tyler Toffoli.
0:15 of 2nd period - Wrist shot by Ryan Getzlaf.
0:15 of 2nd period - Stopped by Jacob Markstrom without a rebound.
0:16 of 2nd period - Derek Roy wins face-off versus Brandon Sutter in Canucks zone.
0:31 of 2nd period - Slapshot by Jamie McBain.
0:31 of 2nd period - Stopped by Tuukka Rask with a rebound.
1:07 of 2nd period - Wrist shot by Blake Wheeler.
1:07 of 2nd period - Deflect By Alexander Steen.
1:07 of 2nd period - Shot Blocked by Jonathan Blum.
1:07 of 2nd period - Puck is out of play.
1:08 of 2nd period - Mikko Koivu wins face-off versus James Wright in Canucks zone.
1:09 of 2nd period - Snap shot by Blake Wheeler.
1:09 of 2nd period - Goal by Blake Wheeler - Canucks : 1 - Capitals : 3.
1:10 of 2nd period - Robert Nilsson wins face-off versus Ryan Getzlaf in neutral zone.
1:13 of 2nd period - Brent Burns is hit by Loui Eriksson.
2:01 of 2nd period - Off-side.
2:02 of 2nd period - Mikko Koivu wins face-off versus James Wright in neutral zone.
2:35 of 2nd period - Wrist shot by James Wright.
2:35 of 2nd period - Shot Blocked by Mike Green.
2:37 of 2nd period - Snap shot by Jeremy Morin.
2:37 of 2nd period - Shot Misses the Net.
2:39 of 2nd period - Slapshot by Andy Rogers.
2:39 of 2nd period - Deflect By James Wright.
2:39 of 2nd period - Stopped by Tuukka Rask with a rebound.
2:41 of 2nd period - Slapshot by Steve Eminger.
2:41 of 2nd period - Stopped by Tuukka Rask without a rebound.
2:42 of 2nd period - Ryan Getzlaf wins face-off versus Loui Eriksson in Capitals zone.
2:44 of 2nd period - Minor Penalty to Trevor Daley for Hooking.
2:45 of 2nd period - Derek Roy wins face-off versus Robert Nilsson in Capitals zone.
3:43 of 2nd period - Icing by Steve Eminger.
3:44 of 2nd period - Joe Pavelski wins face-off versus Robert Nilsson in Canucks zone.
4:44 of 2nd period - Penalty to Trevor Daley is over, Trevor Daley is back on ice.
4:48 of 2nd period - Icing by Mike Green.
4:49 of 2nd period - James Wright wins face-off versus T.J. Oshie in Capitals zone.
4:52 of 2nd period - Wrist shot by Daniel Sedin.
4:52 of 2nd period - Goal by Daniel Sedin - Canucks : 2 - Capitals : 3.
4:53 of 2nd period - Ryan Getzlaf wins face-off versus Robert Nilsson in neutral zone.
5:08 of 2nd period - Snap shot by Robert Nilsson.
5:08 of 2nd period - Shot Misses the Net.
5:10 of 2nd period - Slapshot by Drew Fata.
5:10 of 2nd period - Shot Misses the Net.
6:03 of 2nd period - Spencer Machacek is hit by Jeff Skinner and loses puck.
6:31 of 2nd period - Tyler Toffoli is hit by Ryan Suter and loses puck.
7:06 of 2nd period - Wrist shot by Brandon Sutter.
7:06 of 2nd period - Goal by Brandon Sutter - Canucks : 3 - Capitals : 3.
7:07 of 2nd period - Derek Roy wins face-off versus Loui Eriksson in neutral zone.
7:29 of 2nd period - Minor Penalty to Torey Krug for Tripping.
7:30 of 2nd period - Derek Roy wins face-off versus Loui Eriksson in Capitals zone.
7:39 of 2nd period - Backhand shot by Drew Fata.
7:39 of 2nd period - Shot Blocked by Jason Pominville.
7:43 of 2nd period - Snap shot by Jamie McBain.
7:43 of 2nd period - Stopped by Tuukka Rask without a rebound.
7:44 of 2nd period - Derek Roy wins face-off versus Robert Nilsson in Capitals zone.
7:57 of 2nd period - Snap shot by Robert Nilsson.
7:57 of 2nd period - Stopped by Tuukka Rask with a rebound.
9:29 of 2nd period - Penalty to Torey Krug is over, Torey Krug is back on ice.
9:36 of 2nd period - James Wright is hit by Ryan Suter and loses puck.
10:00 of 2nd period - Ryane Clowe is hit by Trevor Daley and loses puck.
10:05 of 2nd period - Slapshot by Alexander Steen.
10:05 of 2nd period - Stopped by Jacob Markstrom with a rebound.
10:07 of 2nd period - Slapshot by Ryan Suter.
10:07 of 2nd period - Deflect By Alexander Steen.
10:07 of 2nd period - Shot Misses the Net.
10:07 of 2nd period - Puck is out of play.
10:08 of 2nd period - James Wright wins face-off versus Mikko Koivu in Canucks zone.
10:15 of 2nd period - Snap shot by Jeremy Morin.
10:15 of 2nd period - Stopped by Tuukka Rask without a rebound.
10:16 of 2nd period - James Wright wins face-off versus Blake Wheeler in Capitals zone.
10:17 of 2nd period - Slapshot by Daniel Sedin.
10:17 of 2nd period - Shot Misses the Net.
10:55 of 2nd period - Minor Penalty to Robert Nilsson for Tripping.
10:56 of 2nd period - Derek Roy wins face-off versus James Wright in Canucks zone.
11:12 of 2nd period - Wrist shot by Derek Roy.
11:12 of 2nd period - Shot Misses the Net.
11:31 of 2nd period - Slapshot by Joe Pavelski.
11:31 of 2nd period - Stopped by Jacob Markstrom without a rebound.
11:32 of 2nd period - Brandon Sutter wins face-off versus Derek Roy in Canucks zone.
12:55 of 2nd period - Penalty to Robert Nilsson is over, Robert Nilsson is back on ice.
13:00 of 2nd period - Slapshot by Torey Krug.
13:00 of 2nd period - Stopped by Jacob Markstrom with a rebound.
13:02 of 2nd period - Wrist shot by Alexander Steen.
13:02 of 2nd period - Shot Blocked by James Wright.
13:04 of 2nd period - Slapshot by Mike Green.
13:04 of 2nd period - Stopped by Jacob Markstrom without a rebound.
13:05 of 2nd period - Mikko Koivu wins face-off versus Daultan Leveillé in Canucks zone.
13:35 of 2nd period - Off-side.
13:36 of 2nd period - Brandon Sutter wins face-off versus Ryan Getzlaf in neutral zone.
13:41 of 2nd period - Wrist shot by Brandon Sutter.
13:41 of 2nd period - Shot Blocked by Torey Krug.
14:15 of 2nd period - Snap shot by Patrick Sharp.
14:15 of 2nd period - Goal by Patrick Sharp - Canucks : 3 - Capitals : 4.
14:16 of 2nd period - Jason Pominville wins face-off versus Robert Nilsson in neutral zone.
14:31 of 2nd period - Wrist shot by Jason Pominville.
14:31 of 2nd period - Shot Misses the Net.
14:47 of 2nd period - Off-side.
14:48 of 2nd period - Brandon Sutter wins face-off versus Ryan Getzlaf in neutral zone.
14:51 of 2nd period - Jeff Skinner is hit by Brandon Sutter and loses puck.
15:00 of 2nd period - Snap shot by Jason Zucker.
15:00 of 2nd period - Shot Misses the Net.
15:02 of 2nd period - Snap shot by Brandon Sutter.
15:02 of 2nd period - Deflect By Jason Zucker.
15:02 of 2nd period - Shot Blocked by Torey Krug.
15:02 of 2nd period - Puck is out of play.
15:03 of 2nd period - Robert Nilsson wins face-off versus Derek Roy in Capitals zone.
15:18 of 2nd period - Wrist shot by Derek Roy.
15:18 of 2nd period - Deflect By Jason Pominville.
15:18 of 2nd period - Stopped by Jacob Markstrom without a rebound.
15:19 of 2nd period - Brandon Sutter wins face-off versus Ryan Getzlaf in Canucks zone.
15:30 of 2nd period - Wrist shot by Ryan Getzlaf.
15:30 of 2nd period - Stopped by Jacob Markstrom without a rebound.
15:31 of 2nd period - Robert Nilsson wins face-off versus Jason Pominville in Canucks zone.
15:31 of 2nd period - Robert Nilsson is hit by Jason Pominville.
16:07 of 2nd period - Wrist shot by Jeff Skinner.
16:07 of 2nd period - Shot Blocked by Jason Zucker.
18:20 of 2nd period - Off-side.
18:21 of 2nd period - Robert Nilsson wins face-off versus Derek Roy in neutral zone.
18:24 of 2nd period - Trevor Daley is hit by Loui Eriksson and loses puck.
18:47 of 2nd period - Jonathan Blum is hit by Jeff Skinner and loses puck.
19:10 of 2nd period - Slapshot by Daniel Sedin.
19:10 of 2nd period - Shot Misses the Net.
19:12 of 2nd period - Slapshot by Jonathan Blum.
19:12 of 2nd period - Stopped by Tuukka Rask without a rebound.
19:13 of 2nd period - James Wright wins face-off versus Alexander Steen in Capitals zone.
19:18 of 2nd period - Wrist shot by Daniel Sedin.
19:18 of 2nd period - Stopped by Tuukka Rask with a rebound.
19:20 of 2nd period - Slapshot by Steve Eminger.
19:20 of 2nd period - Stopped by Tuukka Rask with a rebound.
19:22 of 2nd period - Wrist shot by Daniel Sedin.
19:22 of 2nd period - Shot Blocked by Brent Burns.
19:24 of 2nd period - Wrist shot by Jeremy Morin.
19:24 of 2nd period - Shot Misses the Net.
19:28 of 2nd period - Wrist shot by Jeremy Morin.
19:28 of 2nd period - Shot Hit the Post.
19:40 of 2nd period - Robert Nilsson is hit by Jason Pominville.
19:48 of 2nd period - Robert Nilsson is hit by Trevor Daley and loses puck.
Goals for this period are 2 for Canucks vs 2 for Capitals.
Shots for this period are 11 for Canucks vs 9 for Capitals.
3rd period
0:01 of 3rd period - Derek Roy wins face-off versus Robert Nilsson in neutral zone.
0:10 of 3rd period - Jamie McBain is hit by Mike Green.
0:35 of 3rd period - Slapshot by Mike Green.
0:35 of 3rd period - Shot Blocked by Jamie McBain.
1:21 of 3rd period - Snap shot by Ryane Clowe.
1:21 of 3rd period - Stopped by Tuukka Rask without a rebound.
1:22 of 3rd period - Robert Nilsson wins face-off versus Ryan Getzlaf in Capitals zone.
1:25 of 3rd period - Snap shot by Tyler Toffoli.
1:25 of 3rd period - Stopped by Tuukka Rask with a rebound.
1:55 of 3rd period - Trevor Daley is hit by Daniel Sedin and loses puck.
2:07 of 3rd period - Slapshot by Daniel Sedin.
2:07 of 3rd period - Shot Misses the Net.
2:21 of 3rd period - Snap shot by Jason Pominville.
2:21 of 3rd period - Shot Blocked by Drew Fata.
2:23 of 3rd period - Slapshot by Brent Burns.
2:23 of 3rd period - Deflect By Jamie McBain.
2:23 of 3rd period - Stopped by Jacob Markstrom without a rebound.
2:24 of 3rd period - Robert Nilsson wins face-off versus Derek Roy in Canucks zone.
2:24 of 3rd period - Robert Nilsson is hit by Marc-Édouard Vlasic.
2:30 of 3rd period - Snap shot by Loui Eriksson.
2:30 of 3rd period - Deflect By Derek Roy.
2:30 of 3rd period - Shot Misses the Net.
2:30 of 3rd period - Puck is out of play.
2:31 of 3rd period - Patrick Sharp wins face-off versus Robert Nilsson in Capitals zone.
2:39 of 3rd period - Snap shot by Jason Pominville.
2:39 of 3rd period - Shot Misses the Net.
2:41 of 3rd period - Wrist shot by Derek Roy.
2:41 of 3rd period - Stopped by Jacob Markstrom with a rebound.
2:43 of 3rd period - Snap shot by Jason Pominville.
2:43 of 3rd period - Stopped by Jacob Markstrom with a rebound.
2:45 of 3rd period - Snap shot by Ryan Suter.
2:45 of 3rd period - Shot Blocked by Steve Eminger.
2:47 of 3rd period - Snap shot by Ryan Suter.
2:47 of 3rd period - Shot Misses the Net.
3:03 of 3rd period - Snap shot by Alexander Steen.
3:03 of 3rd period - Stopped by Jacob Markstrom with a rebound.
3:05 of 3rd period - Snap shot by Mikko Koivu.
3:05 of 3rd period - Shot Blocked by Andy Rogers.
3:07 of 3rd period - Slapshot by Ryan Suter.
3:07 of 3rd period - Deflect By Jason Zucker.
3:07 of 3rd period - Stopped by Jacob Markstrom with a rebound.
3:19 of 3rd period - Snap shot by Ryan Getzlaf.
3:19 of 3rd period - Stopped by Jacob Markstrom with a rebound.
3:21 of 3rd period - Snap shot by Ryan Getzlaf.
3:21 of 3rd period - Stopped by Jacob Markstrom with a rebound.
3:23 of 3rd period - Snap shot by Ryan Getzlaf.
3:23 of 3rd period - Shot Blocked by Andy Rogers.
3:25 of 3rd period - Wrist shot by Joe Pavelski.
3:25 of 3rd period - Shot Misses the Net.
4:38 of 3rd period - Minor Penalty to Trevor Daley for Hooking.
4:39 of 3rd period - Robert Nilsson wins face-off versus Jason Pominville in Capitals zone.
4:51 of 3rd period - Brent Burns is hit by Loui Eriksson and loses puck.
5:06 of 3rd period - Brent Burns is hit by Steve Eminger and loses puck.
6:17 of 3rd period - Jason Akeson is hit by Mike Green and loses puck.
6:38 of 3rd period - Penalty to Trevor Daley is over, Trevor Daley is back on ice.
6:51 of 3rd period - Backhand shot by Joe Pavelski.
6:51 of 3rd period - Stopped by Jacob Markstrom without a rebound.
6:52 of 3rd period - Mikko Koivu wins face-off versus James Wright in Canucks zone.
6:59 of 3rd period - Wrist shot by Alexander Steen.
6:59 of 3rd period - Stopped by Jacob Markstrom with a rebound.
7:09 of 3rd period - Slapshot by Alexander Steen.
7:09 of 3rd period - Shot Misses the Net.
7:29 of 3rd period - Slapshot by Ryan Getzlaf.
7:29 of 3rd period - Shot Misses the Net.
8:17 of 3rd period - Snap shot by Jeff Skinner.
8:17 of 3rd period - Stopped by Jacob Markstrom with a rebound.
8:50 of 3rd period - Drew Fata is hit by Torey Krug and loses puck.
9:07 of 3rd period - Wrist shot by Robert Nilsson.
9:07 of 3rd period - Shot Blocked by Marc-Édouard Vlasic.
9:46 of 3rd period - Mikko Koivu is hit by Andy Rogers and loses puck.
11:20 of 3rd period - Wrist shot by Ryane Clowe.
11:20 of 3rd period - Stopped by Tuukka Rask with a rebound.
11:22 of 3rd period - Snap shot by Ryane Clowe.
11:22 of 3rd period - Shot Blocked by Jeff Skinner.
11:24 of 3rd period - Backhand shot by Ryane Clowe.
11:24 of 3rd period - Stopped by Tuukka Rask with a rebound.
11:39 of 3rd period - Jeremy Morin is hit by Mike Green and loses puck.
12:05 of 3rd period - Wrist shot by Robert Nilsson.
12:05 of 3rd period - Shot Misses the Net.
12:36 of 3rd period - Slapshot by Jamie McBain.
12:36 of 3rd period - Shot Blocked by Brent Burns.
12:38 of 3rd period - Slapshot by Drew Fata.
12:38 of 3rd period - Deflect By Alexander Steen.
12:38 of 3rd period - Stopped by Tuukka Rask without a rebound.
12:39 of 3rd period - Daultan Leveillé wins face-off versus Mikko Koivu in Capitals zone.
12:46 of 3rd period - Slapshot by Jamie McBain.
12:46 of 3rd period - Deflect By Ryane Clowe.
12:46 of 3rd period - Shot Misses the Net.
12:46 of 3rd period - Puck is out of play.
12:47 of 3rd period - Derek Roy wins face-off versus Loui Eriksson in Capitals zone.
12:47 of 3rd period - Derek Roy is hit by Jamie McBain.
12:59 of 3rd period - Slapshot by Derek Roy.
12:59 of 3rd period - Deflect By Drew Fata.
12:59 of 3rd period - Shot Misses the Net.
12:59 of 3rd period - Puck is out of play.
13:00 of 3rd period - Robert Nilsson wins face-off versus Derek Roy in Canucks zone.
13:38 of 3rd period - Wrist shot by Jason Akeson.
13:38 of 3rd period - Shot Misses the Net.
14:14 of 3rd period - Snap shot by Tyler Toffoli.
14:14 of 3rd period - Shot Blocked by Brent Burns.
14:18 of 3rd period - Snap shot by Tyler Toffoli.
14:18 of 3rd period - Stopped by Tuukka Rask with a rebound.
14:20 of 3rd period - Snap shot by Tyler Toffoli.
14:20 of 3rd period - Stopped by Tuukka Rask without a rebound.
14:21 of 3rd period - Ryan Getzlaf wins face-off versus Brandon Sutter in Capitals zone.
14:46 of 3rd period - Jason Akeson is hit by Mikko Koivu and loses puck.
15:29 of 3rd period - Robert Nilsson is hit by Mike Green and loses puck.
15:56 of 3rd period - Wrist shot by James Wright.
15:56 of 3rd period - Stopped by Tuukka Rask with a rebound.
16:21 of 3rd period - Snap shot by Mikko Koivu.
16:21 of 3rd period - Stopped by Jacob Markstrom without a rebound.
16:22 of 3rd period - Brandon Sutter wins face-off versus Ryan Getzlaf in Canucks zone.
16:49 of 3rd period - Mike Green is hit by Robert Nilsson.
16:55 of 3rd period - Slapshot by Ryan Getzlaf.
16:55 of 3rd period - Shot Misses the Net.
17:03 of 3rd period - Slapshot by Jamie McBain.
17:03 of 3rd period - Stopped by Tuukka Rask without a rebound.
17:04 of 3rd period - James Wright wins face-off versus Derek Roy in Capitals zone.
17:05 of 3rd period - Slapshot by Jeremy Morin.
17:05 of 3rd period - Stopped by Tuukka Rask without a rebound.
17:06 of 3rd period - Derek Roy wins face-off versus James Wright in Capitals zone.
17:06 of 3rd period - Derek Roy is hit by Steve Eminger.
18:06 of 3rd period - T.J. Oshie is hit by Brandon Sutter and loses puck.
18:13 of 3rd period - Wrist shot by Jason Akeson.
18:13 of 3rd period - Stopped by Tuukka Rask without a rebound.
18:14 of 3rd period - James Wright wins face-off versus Mikko Koivu in Capitals zone.
18:19 of 3rd period - Wrist shot by Jamie McBain.
18:19 of 3rd period - Shot Misses the Net.
19:07 of 3rd period - Icing by Tyler Toffoli.
19:08 of 3rd period - Robert Nilsson wins face-off versus Blake Wheeler in Canucks zone.
19:13 of 3rd period - Canucks, Jacob Markstrom is pulled from the net.
19:29 of 3rd period - Slapshot by Robert Nilsson.
19:29 of 3rd period - Shot Misses the Net.
19:31 of 3rd period - Slapshot by Jonathan Blum.
19:31 of 3rd period - Stopped by Tuukka Rask with a rebound.
19:33 of 3rd period - Slapshot by Loui Eriksson.
19:33 of 3rd period - Shot Misses the Net.
19:45 of 3rd period - Wrist shot by Loui Eriksson.
19:45 of 3rd period - Stopped by Tuukka Rask with a rebound.
19:47 of 3rd period - Snap shot by Robert Nilsson.
19:47 of 3rd period - Shot Misses the Net.
19:49 of 3rd period - Slapshot by Loui Eriksson.
19:49 of 3rd period - Shot Misses the Net.
19:59 of 3rd period - Snap shot by Loui Eriksson.
19:59 of 3rd period - Goal by Loui Eriksson - Canucks : 4 - Capitals : 4.
19:59 of 3rd period - Jacob Markstrom from Canucks was sent back in the game.
Goals for this period are 1 for Canucks vs 0 for Capitals.
Shots for this period are 14 for Canucks vs 11 for Capitals.
Overtime #1
0:01 of 1st overtime period - Robert Nilsson wins face-off versus Derek Roy in neutral zone.
0:06 of 1st overtime period - Backhand shot by Drew Fata.
0:06 of 1st overtime period - Deflect By Jason Pominville.
0:06 of 1st overtime period - Stopped by Tuukka Rask without a rebound.
0:07 of 1st overtime period - Robert Nilsson wins face-off versus Derek Roy in Capitals zone.
0:46 of 1st overtime period - Snap shot by Tyler Toffoli.
0:46 of 1st overtime period - Stopped by Tuukka Rask with a rebound.
0:50 of 1st overtime period - Slapshot by Jamie McBain.
0:50 of 1st overtime period - Stopped by Tuukka Rask without a rebound.
0:51 of 1st overtime period - Tyler Toffoli wins face-off versus Derek Roy in Capitals zone.
2:42 of 1st overtime period - Jamie McBain is hit by Blake Wheeler and loses puck.
3:07 of 1st overtime period - Marc-Édouard Vlasic is hit by Loui Eriksson and loses puck.
3:21 of 1st overtime period - Icing by Jeremy Morin.
3:22 of 1st overtime period - Blake Wheeler wins face-off versus Jeremy Morin in Canucks zone.
3:29 of 1st overtime period - Snap shot by Mikko Koivu.
3:29 of 1st overtime period - Stopped by Jacob Markstrom with a rebound.
3:37 of 1st overtime period - Blake Wheeler is hit by James Wright.
3:46 of 1st overtime period - Icing by Andy Rogers.
3:47 of 1st overtime period - Robert Nilsson wins face-off versus Derek Roy in Canucks zone.
4:10 of 1st overtime period - Mike Green is hit by Drew Fata and loses puck.
Goals for this period are 0 for Canucks vs 0 for Capitals.
Shots for this period are 3 for Canucks vs 1 for Capitals.
ShootOut
5:00 of 1st overtime period - Round #1.
5:00 of 1st overtime period - Canucks, Robert Nilsson.
5:00 of 1st overtime period - Snap shot by Robert Nilsson.
5:00 of 1st overtime period - Stopped by Tuukka Rask.
5:00 of 1st overtime period - Capitals, Derek Roy.
5:00 of 1st overtime period - Deke by Derek Roy.
5:00 of 1st overtime period - Shot Misses the Net.
5:00 of 1st overtime period - Round #2.
5:00 of 1st overtime period - Canucks, Tyler Toffoli.
5:00 of 1st overtime period - Backhand shot by Tyler Toffoli.
5:00 of 1st overtime period - Goal by Tyler Toffoli.
5:00 of 1st overtime period - Capitals, Jason Pominville.
5:00 of 1st overtime period - Deke by Jason Pominville.
5:00 of 1st overtime period - Stopped by Jacob Markstrom.
5:00 of 1st overtime period - Round #3.
5:00 of 1st overtime period - Canucks, Brandon Sutter.
5:00 of 1st overtime period - Deke by Brandon Sutter.
5:00 of 1st overtime period - Stopped by Tuukka Rask.
5:00 of 1st overtime period - Capitals, Joe Pavelski.
5:00 of 1st overtime period - Snap shot by Joe Pavelski.
5:00 of 1st overtime period - Stopped by Jacob Markstrom.
Back to the Top